AoeStats
← ING.PATRICK

Arabia

503502206Analyzed
1v1 RM · 1mo ago on Sep 1, 2026· 23m 6s· 2 players
Game mode
Random Map
Map size
Tiny (2 player)
Population
200
Speed
Normal
Resources
Standard
Victory
Conquest
Starting age
Dark Age
Ending age
Imperial Age
RankedLock teamsTeams togetherTeam positionsShared explorationLock speedFull tech treeHidden civsTurbo modeCheats
Victory
Defeat
🇵🇪 Mongols · Peru
983
+29
🇲🇽 Maya · Mexico
1003
-17
ING.PATRICK
8:07 Feudal Age
8:56 Double-Bit Axe
9:50 Loom
15:15 Horse Collar
16:00 Fletching
17:52 Forging
22:03 Castle Age
21:07 Scale Barding Armor
22:42 Bodkin Arrow
22:08 Crossbowman
23:16 Bloodlines
tapiatemo
4:22 Loom
11:40 Feudal Age
17:42 Scale Mail Armor
17:53 Forging
23:17 Castle Age
Connection lost

Rejoining the realm…

Still unreachable

The connection could not be restored.

Session expired

The server has moved on; the page needs a fresh start.